 Dungeon Crawl Stone Soup version 0.32-a0-975-g85d4e5bfdb (webtiles) character file.

Game seed: 12655198998703261962

1217 Heh the Trooper (level 8, 0/93 (97) HPs)
             Began as a Coglin Brigand on Apr 17, 2024.
             Was an Initiate of Gozag.
             Slain by a wight
             ... wielding a +0 halberd
              (3 damage)
             ... on level 8 of the Dungeon on Apr 20, 2024.
             The game lasted 00:10:02 (4534 turns).

Heh the Trooper (Coglin Brigand)                    Turns: 4534, Time: 00:10:03

HP:   0/93 (97)     AC:  5    Str: 10 (12) XL:     8   Next: 46%
MP:   8/8           EV: 11    Int: 11      God:    Gozag
Gold: 501           SH:  0    Dex: 14 (17) Spells: 7/7 levels left

rFire   . . .        p - +1 dagger (venom) {Byeongho}
rCold   . . .        B - +0 falchion {Wei}
rNeg    . . .        G - +0 leather armour
rPois   .            (no helmet)
rElec   .            c - +0 cloak
rCorr   .            t - +0 pair of gloves
SInv    .            (no boots)
Will    .....        (amulet unavailable) Stlth
                     (ring unavailable)
HPRegen 0.35/turn    (ring unavailable)
MPRegen 0.11/turn    (no gizmo)

%: no passive effects
@: berserking, gold aura, lightly drained, revved, very quick
A: off-hand wielding, slow wielding, warmup strikes, no jewellery
a: Invent Gizmo, Renounce Religion, Potion Petition, Call Merchant, Bribe Branch


You were on level 8 of the Dungeon.
You worshipped Gozag.
Gozag was pleased with you.
You visited 1 branch of the dungeon, and saw 7 of its levels.

You collected 590 gold pieces.
You spent 49 gold pieces at shops.
You paid 40 gold pieces to Gozag.

Inventory:

Hand Weapons
 a - a +2 dagger {Magnus}
 f - a +0 dagger {Haeun}
 m - a +0 rapier {Yadidatum}
 p - a +1 dagger of venom (weapon) {Byeongho}
 s - the +4 mace of Punwagen {holy, ^Fragile Str+2 Dex+4}
   (You found it on level 2 of the Dungeon)

   Str+2:     It affects your strength (+2).
   Dex+4:     It affects your dexterity (+4).
   ^Fragile:  It will be destroyed if unequipped.
 B - a +0 falchion (offhand) {Wei}
Missiles
 d - 17 poisoned darts (quivered)
 e - 5 curare-tipped darts
 y - 6 javelins
Armour
 b - a +0 robe
 c - a +0 cloak (worn)
 t - a +0 pair of gloves (worn)
 G - a +0 leather armour (worn)
Scrolls
 g - 3 scrolls of vulnerability {unknown}
 k - 4 scrolls of revelation {unknown}
 l - 2 scrolls of enchant armour {unknown}
 r - 2 scrolls of poison {unknown}
 u - 4 scrolls of teleportation {unknown}
 v - 2 scrolls of enchant weapon {unknown}
 A - a scroll of immolation {unknown}
 C - 3 scrolls of identify {unknown}
 D - 2 scrolls of acquirement {unknown}
 E - a scroll of blinking {unknown}
 F - a scroll of butterflies {unknown}
 H - 2 scrolls of fear {unknown}
Potions
 h - a potion of mutation {unknown}
 i - 2 potions of haste
 j - a potion of berserk rage
 n - a potion of magic {unknown}
 o - 2 potions of degeneration
 q - a potion of curing
 w - 3 potions of heal wounds {unknown}
 x - 2 potions of lignification {unknown}
 z - 5 potions of attraction {unknown}
 I - a potion of enlightenment {unknown}
 J - a potion of might {unknown}


   Skills:
 + Level 6.7 Fighting
 - Level 2.0(4.3) Short Blades
 * Level 6.5(6.7) Long Blades
 - Level 1.7 Throwing
 + Level 2.8 Dodging
 - Level 3.2 Stealth


You had 7 spell levels left.
You didn't know any spells.
Your spell library contained the following spells:

 Spells                   Type           Power      Damage    Failure   Level
 Cigotuvi's Dreadful Rot  Necr/Alch/Air  0%         N/A       58%         2
 Dazzling Flash           Conj/Hex       0%         N/A       82%         3
 Mephitic Cloud           Conj/Alch/Air  0%         N/A       82%         3
 Ignite Poison            Fire/Alch      0%         N/A       99%         4
 Freezing Cloud           Conj/Ice/Air   0%         6-21      100%        5
 Silence                  Hex/Air        0%         N/A       100%        5


Dungeon Overview and Level Annotations

Branches:
Dungeon (8/15)             Temple (0/1) D:4
   Lair: D:8-11

Altars:
Cheibriados
Dithmenos
Fedhas
Gozag
Kikubaaqudgha
Nemelex Xobeh
Uskayaw
Wu Jian
Yredelemnul

Shops:
D:2 [


Innate Abilities, Weirdness & Mutations

You can wield a second weapon in your off-hand.
It takes a long time for you to wield or remove held weapons.
Your first few attacks do less damage.
You cannot equip rings or amulets.


Message History

The wight completely misses you.
You hit the wight but do no damage.
The wight is heavily damaged.
You hit the wight with your +0 falchion.
The wight hits you with a +3 war axe of freezing!
You feel drained. The wight freezes you.
You are too injured to fight recklessly!
You are too injured to fight recklessly!
Unknown command.
You hit the wight but do no damage.
The wight is severely damaged.
You hit the wight but do no damage.
The wight hits you with a +3 war axe of freezing!
You feel drained.
* * * LOW HITPOINT WARNING * * *
The wight freezes you.
* * * LOW HITPOINT WARNING * * *
A red film seems to cover your vision as you go berserk!
You feel yourself moving faster!
You feel mighty! The wight barely misses you.
You puncture the wight with your +1 dagger of venom!
You destroy the wight!
The wight misses you.
Things that are here:
5 gold pieces; a +3 war axe of freezing; a +0 robe You hit the wight with your +0 falchion.
The wight is moderately damaged.
You puncture the wight with your +1 dagger of venom!
The wight hits you with a +2 morningstar!
* * * LOW HITPOINT WARNING * * *
You feel drained.
* * * LOW HITPOINT WARNING * * *
You slash the wight with your +0 falchion!
You destroy the wight!
You feel your intelligence returning.
A wight comes into view.
It is wielding a +0 halberd and wearing a +0 robe of willpower.
The wight hits you from afar with a +0 halberd.
* * * LOW HITPOINT WARNING * * *
You feel drained.
You die...
Your body crumbles into a pile of gold.

####.......#
#......###.#
#......#
#.####
####......#
......
#..'......#
#.#..#
#.##......#
#.#..<
#$#####+#.#
#..... #$#
#.# #....#
#@#
#.#.#.....
.....z..#
#.#...##
........$
..>....
..........
##.....
##..#######
#..... ##.
..####.....
#
#..........
######.#...
..........


You could see a wight.

Vanquished Creatures
  Eustachio (D:4)
  A water moccasin (D:6)
  2 ogres (D:4)
  A bullfrog (D:6)
  2 scorpions
  3 wights (D:8)
  A bombardier beetle (D:5)
  A hound (D:5)
  3 orc priests
  An iguana (D:6)
  4 orc wizards
  5 adders
  3 gnolls (D:3)
  2 dart slugs
  12 orcs
  6 bats
  4 endoplasms
  2 giant cockroaches (D:1)
  10 goblins
  7 hobgoblins
  14 jackals
  3 kobolds
  6 quokkas
  7 ball pythons
  7 frilled lizards
  2 rats (D:1)
110 creatures vanquished.

Vanquished Creatures (others)
  An orc (D:5)
1 creature vanquished.

Grand Total: 111 creatures vanquished

Notes
Turn   | Place    | Note
-------+----------+-------------------------------------------
     0 | D:1      | Heh the Coglin Brigand began the quest for the Orb.
     0 | D:1      | Reached XP level 1. HP: 16/16 MP: 1/1
    74 | D:1      | Reached XP level 2. HP: 19/23 MP: 2/2
   291 | D:1      | Reached XP level 3. HP: 14/29 MP: 3/3
   761 | D:2      | Reached skill level 1 in Long Blades
   877 | D:2      | Found Paowk's Armour Boutique.
   884 | D:2      | Identified the +4 mace of Punwagen {holy, ^Fragile Str+2
                  | Dex+4}
   887 | D:2      | Bought a +0 pair of gloves for 49 gold pieces
   905 | D:2      | Reached XP level 4. HP: 33/36 MP: 4/4
  1247 | D:3      | Found a faded altar of an unknown god.
  1330 | D:3      | Found a shadowy altar of Dithmenos.
  1349 | D:3      | Reached XP level 5. HP: 10/42 MP: 5/5
  1469 | D:3      | Found an opulent altar of Gozag.
  1473 | D:3      | Found a sparkling altar of Nemelex Xobeh.
  1479 | D:3      | Found a hide-covered altar of Uskayaw.
  1479 | D:3      | Found a basalt altar of Yredelemnul.
  1480 | D:3      | Found an ornate altar of the Wu Jian Council.
  1493 | D:3      | Became a worshipper of Gozag Ym Sagoz the Greedy
  1598 | D:3      | Found a blossoming altar of Fedhas.
  1919 | D:3      | Found a snail-covered altar of Cheibriados.
  1946 | D:3      | Reached XP level 6. HP: 49/49 MP: 6/6
  2319 | D:4      | Found a staircase to the Ecumenical Temple.
  2439 | D:4      | Reached skill level 5 in Fighting
  2506 | D:4      | Noticed Eustachio
  2530 | D:4      | Killed Eustachio
  2531 | D:4      | Reached XP level 7. HP: 27/56 MP: 7/7
  2633 | D:4      | Found an ancient bone altar of Kikubaaqudgha.
  2983 | D:5      | Entered Level 5 of the Dungeon
  3053 | D:5      | Reached skill level 1 in Dodging
  3070 | D:5      | Reached skill level 5 in Long Blades
  3649 | D:6      | Upgraded the game from 0.32-a0-960-g3814254bd7 to
                  | 0.32-a0-961-gd60f5e5fc7
  3731 | D:6      | Reached XP level 8. HP: 57/64 MP: 8/8
  3732 | D:6      | Upgraded the game from 0.32-a0-961-gd60f5e5fc7 to
                  | 0.32-a0-975-g85d4e5bfdb
  4431 | D:6      | You fall into a shaft and drop 2 floors!
  4534 | D:8      | HP: 3/94 [wight/+0 halberd (6)]
  4534 | D:8      | Slain by a wight

Illustrated notes

Levels and vault maps discovered:
D:1:      wander_arrival_desolate, layout_rooms
D:2:      layout_rooms, serial_shops, nicolae_shop_tiny_statue_garden,
          serial_bayou_crossing
D:3:      layout_basic, fedhas_altar_2, grunt_temple_overflow_open,
          mainiacjoe_overflow_cross_hatched, basic_ecumenical_altar,
          chequers_serial_rivers_room_a, minmay_misc_feat_nine_boxes
D:4:      layout_cave_pools, amcnicky_altar_gilded,
          minmay_temple_entry_antechambers, uniq_eustachio
D:5:      layout_loops_ring, serial_glass, glass_columns_a, glass_columns_a,
          glass_columns_a, glass_columns_a, glass_columns_a, glass_columns_a
D:6:      layout_cave_pods, lemuel_tele_altar
D:8:      layout_basic, uniq_gastronok

Skill      XL: |  1  2  3  4  5  6  7  8 |
---------------+-------------------------+-----
Fighting       | 3 4 5 6 |  6.7
Short Blades   | 2 |  2.0
Long Blades    | 1 2 3 4 5 6 |  6.5
Dodging        | 2 |  2.8
Throwing       | |  1.7
Stealth        | |  3.2

Action                     |  1- 3 |  4- 6 |  7- 9 || total
---------------------------+-------+-------+-------++-------
  Melee: Dagger            |    81 |   106 |    90 ||   277
         Rapier            |    55 |    72 |       ||   127
         Falchion          |       |    34 |    93 ||   127
    Use: Potion            |       |     1 |     6 ||     7
   Stab: Sleeping          |     7 |     4 |     3 ||    14
         Distracted        |       |     1 |       ||     1
 Armour: Robe              |    39 |   103 |       ||   142
         Leather armour    |       |       |    71 ||    71
  Dodge: Dodged            |    54 |    64 |    49 ||   167

Table legend: (Time is in decaauts)
 A = Elapsed time spent in this place.
 B = Non-inter-level travel time spent in this place.
 C = Inter-level travel time spent in this place.
 D = Time resting spent in this place.
 E = Time spent auto-exploring this place.
 F = Levels seen in this place.
 G = Mean time per level.
                   A        B        C        D        E       F      G
               +--------+--------+--------+--------+--------+-----+--------+
         Total |   4525 |   4369 |    156 |     50 |   3522 |   7 |  646.4 |
       Dungeon |   4525 |   4369 |    156 |     50 |   3522 |   7 |  646.4 |
               +--------+--------+--------+--------+--------+-----+--------+

Top non-repeatable levels by time:
     D:3: 971 daAuts
     D:4: 780 daAuts
     D:6: 768 daAuts
     D:5: 665 daAuts
     D:1: 638 daAuts
     D:2: 600 daAuts
     D:8: 100 daAuts
